 Dungeon Crawl Stone Soup version 0.30-a0-381-g6ea064c7b4 (webtiles) character file.

Game seed: 1255150571124970270

428 qeuew the Conjurer (level 6, -7/32 HPs)
             Began as a Deep Elf Conjurer on Dec 1, 2022.
             Shot with an arrow by a centaur (8 damage)
             ... on level 5 of the Dungeon.
             The game lasted 00:05:33 (3928 turns).

qeuew the Conjurer (Deep Elf Conjurer)              Turns: 3928, Time: 00:05:34

Health: -7/32      AC:  4    Str:  2 (4)  XL:     6   Next: 65%
Magic:  10/24      EV: 18    Int: 20 (23) God:
Gold:   289        SH:  0    Dex: 19      Spells: 3/15 levels left

rFire   . . .      SeeInvis .    i - staff of conjuration
rCold   . . .      Faith    .    (no shield)
rNeg    . . .      Spirit   .    a - +1 robe
rPois   .          Reflect  .    (helmet restricted)
rElec   .          Harm     .    (no cloak)
rCorr   +          Rampage  .    (no gloves)
Will    .....                    c - +0 pair of boots
Stlth   +++.......               (no amulet)
HPRegen 0.25/turn                j - +4 ring of evasion
MPRegen 0.19/turn                h - ring "Gahunloid" {rCorr MP+9 Dex+4}

@: unable to drink
A: antennae 1, wild magic 1, inability to drink after injury 1
a: no special abilities


You were on level 5 of the Dungeon.
You visited 2 branches of the dungeon, and saw 6 of its levels.

You collected 289 gold pieces.

Inventory:

Armour
 a - a +1 robe (worn)
 c - a +0 pair of boots (worn)
Magical Staves
 i - a staff of conjuration (weapon)
Jewellery
 h - the ring "Gahunloid" (right hand) {rCorr MP+9 Dex+4}
   (You found it on level 2 of the Dungeon)

   [ring of magical power]

   Dex:       It affects your dexterity (+4).
   MP:        It affects your magic capacity (+9).
   rCorr:     It protects you from acid and corrosion.
 j - a +4 ring of evasion (left hand)
 q - a ring of see invisible
Wands
 f - a wand of roots (7)
Scrolls
 k - a scroll of magic mapping
Potions
 b - a potion of magic
 e - 2 potions of curing


   Skills:
 + Level 0.3 Staves
 + Level 1.4 Armour
 * Level 4.4 Dodging
 * Level 4.7 Stealth
 * Level 5.0 Spellcasting
 * Level 5.6 Conjurations
 + Level 0.6 Fire Magic
 + Level 1.0 Evocations


You had 3 spell levels left.
You knew the following spells:

 Your Spells              Type           Power      Damage    Failure   Level
a - Magic Dart            Conj           100%       1d8       2%          1
b - Searing Ray           Conj           100%       2d8       3%          2
c - Fireball              Conj/Fire      17%        3d9       73%         5
d - Iskenderun's Mystic   Conj/Tloc      31%        2d8       43%         4

Your spell library contained the following spells:

 Spells                   Type           Power      Damage    Failure   Level
 Foxfire                  Conj/Fire      100%       2x1d9     5%          1
 Dazzling Flash           Conj/Hex       62%        N/A       16%         3
 Sublimation of Blood     Necr           6%         N/A       24%         2
 Wereblood                Tmut           6%         N/A       24%         2
 Inner Flame              Hex/Fire       8%         N/A       38%         3
 Flame Wave               Conj/Fire      34%        2d10      41%         4
 Sticky Flame             Conj/Fire      34%        2d5       41%         4
 Fulminant Prism          Conj/Hex       15%        3d10      43%         4
 Agony                    Necr           6%         N/A       98%         5
 Silence                  Hex/Air        3%         N/A       98%         5
 Starburst                Conj/Fire      17%        6d6       99%         6
 Summon Hydra             Summ           3%         N/A       100%        7


Dungeon Overview and Level Annotations

Branches:
Dungeon (5/15)             Temple (1/1) D:4

Altars:
Ashenzari
Dithmenos
Fedhas
Gozag
Nemelex Xobeh
Qazlal
Ru
Trog
Wu Jian
Xom
Yredelemnul


Innate Abilities, Weirdness & Mutations

You have a pair of small antennae on your head.
Your spells are a little harder to cast, but a little more powerful.
You occasionally lose the ability to drink potions when taking damage.


Message History

The centaur shoots an arrow.
The arrow completely misses you.
Your magical contamination has completely faded away.
You feel a surge of power!
The magic dart hits the orc.
The orc is lightly wounded.
The orc misses you.
You feel a surge of power!
The magic dart hits the orc.
The orc is heavily wounded.
The orc closely misses you.
You feel a surge of power!
The magic dart hits the orc.
The orc is heavily wounded.
The orc barely misses you.
You feel a surge of power!
The magic dart hits the orc but does no damage.
The orc is heavily wounded.
The orc hits you with a +0 falchion.
You feel a surge of power!
The magic dart hits the orc.
You kill the orc!
The centaur shoots an arrow.
The arrow hits you!
The centaur shoots an arrow.
The arrow hits you.
You are too injured to fight recklessly!
You are too injured to fight recklessly!
You are too injured to fight recklessly!
You are too injured to fight recklessly!
You are too injured to fight recklessly!
You are too injured to fight recklessly!
The centaur shoots an arrow.
The white imp gestures at you.
The puff of frost hits something!
Aiming: Searing Ray (safe; 3% risk of failure)
Press: ? - help, Q - select action, (/) - cycle Shift-Dir - straight line, f - orc
Aim: an orc, wielding a +0 club (83% to hit)
You feel a surge of power!
The searing ray hits something!
Reactivating autopickup.
You feel a bit more experienced.
The searing ray misses the orc. (Press . to maintain the ray.)
The centaur shoots an arrow.
The arrow hits you!
You feel threatened and lose the ability to drink potions!
* * * LOW HITPOINT WARNING * * *
The centaur shoots an arrow.
The arrow hits you!
You die... ### ### #.###.# #.....# #†###.##### #[# #.....# #.# #####@# #.# #)# ### #.# #)# #<# #.# c5o

#.# #.# ..... #.###.#
...>... ##.#.#.#
..[...... #....#.#
...........
##...#.##............


You could see a centaur, a white imp and an orc.

Vanquished Creatures
  Sigmund (D:2)
  A jelly (D:4)
  An iguana (D:4)
  An orc wizard (D:5)
  Ijyb (D:4)
  Robin (D:4)
  7 adders
  A worm (D:2)
  4 dart slugs
  10 orcs
  12 ball pythons
  5 bats
  7 endoplasms
  4 giant cockroaches
  11 goblins
  7 hobgoblins
  2 jackals
  7 kobolds
  2 quokkas (D:2)
  2 frilled lizards
  3 rats
90 creatures vanquished.

Notes
Turn   | Place    | Note
-------+----------+-------------------------------------------
     0 | D:1      | qeuew the Deep Elf Conjurer began the quest for the Orb.
     0 | D:1      | Reached XP level 1. HP: 10/10 MP: 6/6
   216 | D:1      | Reached XP level 2. HP: 15/15 MP: 6/8
   591 | D:1      | Learned a level 2 spell: Searing Ray
   767 | D:2      | Reached XP level 3. HP: 19/19 MP: 9/9
  1030 | D:2      | Noticed Sigmund
  1040 | D:2      | Killed Sigmund
  1041 | D:2      | Reached skill level 1 in Armour
  1041 | D:2      | Reached skill level 5 in Conjurations
  1041 | D:2      | Reached XP level 4. HP: 24/24 MP: 11/12
  1041 | D:2      | Reached XP level 5. HP: 28/28 MP: 11/13
  1125 | D:2      | Identified the ring "Gahunloid" {rCorr MP+9 Dex+4}
  1803 | D:3      | Found an opulent altar of Gozag.
  2554 | D:3      | Gained mutation: You are somewhat resistant to further
                  | mutation. [potion of mutation]
  2554 | D:3      | Gained mutation: You sometimes lose your temper in combat.
                  | [potion of mutation]
  2737 | D:4      | Found a staircase to the Ecumenical Temple.
  2754 | D:4      | Noticed Ijyb
  2763 | D:4      | Killed Ijyb
  2764 | D:4      | Reached XP level 6. HP: 8/32 MP: 15/15
  2770 | Temple   | Entered the Ecumenical Temple
  2924 | D:4      | Noticed Robin
  2932 | D:4      | Killed Robin
  2976 | D:4      | Found a sparkling altar of Nemelex Xobeh.
  2986 | D:4      | Found an ornate altar of the Wu Jian Council.
  3086 | D:4      | Learned a level 5 spell: Fireball
  3091 | D:4      | Learned a level 4 spell: Iskenderun's Mystic Blast
  3576 | D:4      | Reached skill level 5 in Spellcasting
  3600 | D:4      | Reached skill level 1 in Evocations
  3830 | D:4      | Lost mutation: You are somewhat resistant to further
                  | mutation. [potion of mutation]
  3830 | D:4      | Lost mutation: You sometimes lose your temper in combat.
                  | [potion of mutation]
  3830 | D:4      | Gained mutation: You have a pair of small antennae on your
                  | head. [potion of mutation]
  3830 | D:4      | Gained mutation: You occasionally lose the ability to drink
                  | potions when taking damage. [potion of mutation]
  3830 | D:4      | Gained mutation: Your spells are a little harder to cast,
                  | but a little more powerful. [potion of mutation]
  3857 | D:5      | Entered Level 5 of the Dungeon
  3928 | D:5      | HP: 1/32 [centaur/arrow (11)]
  3928 | D:5      | Shot with an arrow by a centaur

Illustrated notes

Levels and vault maps discovered:
D:1:      psy_arrival_statuary, layout_basic
D:2:      minmay_wonky_spiral, layout_loops_ring, minmay_misc_feat_diagonals,
          uniq_sigmund
D:3:      layout_basic, nicolae_gozag_cash_rules_everything_around_me,
          chequers_garden, minmay_randomly_rotated_circles
D:4:      layout_cave_pods, amethyst_overflow_temple_binary,
          minmay_temple_entry_large_hall, st_stairs_3, minmay_splitting_lines,
          uniq_robin, uniq_ijyb
D:5:      layout_basic, slow_altar_2, minitemple
Temple:   hellmonk_temple_micro_hex

Skill      XL: |  1  2  3  4  5  6 |
---------------+-------------------+-----
Stealth        | 3 4 |  4.7
Dodging        | 3 4 |  4.4
Armour         | 1 |  1.4
Spellcasting   | 4 5 |  5.0
Conjurations   | 5 |  5.6
Evocations     | 1 |  1.0
Staves         | |  0.3
Fire Magic     | |  0.6

Action                   |  1- 3 |  4- 6 || total
-------------------------+-------+-------++-------
 Cast: Magic Dart        |    61 |   150 ||   211
       Searing Ray       |       |     1 ||     1
Evoke: Wand              |       |     3 ||     3
  Use: Scroll            |     2 |     9 ||    11
       Potion            |       |     8 ||     8
Armor: Robe              |     1 |     5 ||     6
Dodge: Dodged            |     5 |    28 ||    33

Table legend: (Time is in decaauts)
 A = Elapsed time spent in this place.
 B = Non-inter-level travel time spent in this place.
 C = Inter-level travel time spent in this place.
 D = Time resting spent in this place.
 E = Time spent auto-exploring this place.
 F = Levels seen in this place.
 G = Mean time per level.
                   A        B        C        D        E       F      G
               +--------+--------+--------+--------+--------+-----+--------+
         Total |   3924 |   3845 |     79 |     52 |   3369 |   6 |  654.0 |
       Dungeon |   3922 |   3843 |     79 |     52 |   3369 |   5 |  784.4 |
        Temple |      1 |      1 |      0 |      0 |      0 |   1 |    1.0 |
               +--------+--------+--------+--------+--------+-----+--------+

Top non-repeatable levels by time:
     D:4: 1234 daAuts
     D:2: 1067 daAuts
     D:3: 941 daAuts
     D:1: 608 daAuts
     D:5: 70 daAuts
  Temple: 1 daAuts
